 Dungeon Crawl Stone Soup version 0.30-a0-297-g0ec75d9ef4 (webtiles) character file.

Game seed: 16917242577909918455

1361 freelancePsychic the Spear-Bearer (level 8, -5/63 HPs)
             Began as a Human Wanderer on Oct 19, 2022.
             Was a Follower of Cheibriados.
             Slain by a yak (10 damage)
             ... on level 5 of the Dungeon.
             The game lasted 00:09:18 (5350 turns).

freelancePsychic the Spear-Bearer (Human Wanderer)  Turns: 5350, Time: 00:09:18

Health: -5/63      AC: 14    Str: 15      XL:     8   Next: 96%
Magic:  11/11      EV:  6    Int: 10 (12) God:    Cheibriados [*.....]
Gold:   271        SH:  0    Dex: 17 (19) Spells: 7/7 levels left

rFire   . . .      SeeInvis .    j - +1 trident
rCold   + . .      Faith    .    (no shield)
rNeg    . . .      Spirit   .    i - +0 chain mail
rPois   .          Reflect  .    v - +0 helmet
rElec   .          Harm     .    x - +1 cloak
rCorr   .          Rampage  .    t - +2 pair of gloves
Will    .....                    (no boots)
Stlth   ..........               (no amulet)
HPRegen 0.30/turn                f - +4 ring of slaying
MPRegen 0.12/turn                q - ring of protection from cold

@: brilliant, attractive, very slow
A: no striking features
a: Renounce Religion, Bend Time


You were on level 5 of the Dungeon.
You worshipped Cheibriados.
Cheibriados was aware of your devotion.
You visited 1 branch of the dungeon, and saw 5 of its levels.

You collected 271 gold pieces.

Inventory:

Hand Weapons
 a - a +1 spear
 j - a +1 trident (weapon)
Missiles
 l - a silver boomerang (quivered)
Armour
 b - the +1 pair of gloves of Grace {rN+ Regen+ rCorr}
   (You acquired it on level 5 of the Dungeon)

   rN:        It protects you from negative energy.
   Regen:     It increases your rate of health regeneration.
   rCorr:     It protects you from acid and corrosion.
 i - a +0 chain mail (worn)
 t - a +2 pair of gloves (worn)
 v - a +0 helmet (worn)
 x - a +1 cloak (worn)
Jewellery
 f - a +4 ring of slaying (left hand)
 q - a ring of protection from cold (right hand)
 r - a ring of ice
Wands
 w - a wand of flame (29)
Scrolls
 m - a scroll of silence
 p - 2 scrolls of magic mapping
Potions
 h - a potion of degeneration


   Skills:
 + Level 5.5 Fighting
 * Level 8.6 Polearms
 - Level 1.0 Throwing
 - Level 0.7 Armour
 - Level 3.0 Unarmed Combat
 + Level 4.5 Invocations


You had 7 spell levels left.
You didn't know any spells.
Your spell library contained the following spells:

 Spells                   Type           Power      Damage    Failure   Level
 Sandblast                Erth           0%         2d4       100%        1
 Passwall                 Tmut/Erth      0%         N/A       100%        2
 Call Canine Familiar     Summ           0%         N/A       100%        3
 Portal Projectile        Hex/Tloc       0%         N/A       100%        3
 Stone Arrow              Conj/Erth      0%         3d7       100%        3
 Leda's Liquefaction      Hex/Erth       0%         N/A       100%        4
 Alistair's Intoxication  Tmut/Pois      0%         N/A       100%        5
 Borgnjor's Vile Clutch   Necr/Erth      0%         N/A       100%        5
 Eringya's Noxious Bog    Tmut/Pois      0%         N/A       100%        6


Dungeon Overview and Level Annotations

Branches:
Dungeon (5/15)             Temple (0/1) D:4

Altars:
Ashenzari
Cheibriados
Fedhas

Shops:
D:4 [

Annotations:
D:3 Sigmund


Message History

The yak is attracted toward you.
Cornered, the yak turns to fight!
The yak is attracted toward you. x3
You barely miss the yak.
The yak is severely wounded.
The yak gores you but does no damage. The yak is attracted toward you.
You barely miss the yak.
The yak is severely wounded.
The yak gores you.
* * * LOW HITPOINT WARNING * * *
The yak is attracted toward you. x2
It was a potion of brilliance.
You feel clever all of a sudden. The yak gores you!
* * * LOW HITPOINT WARNING * * *
The yak is attracted toward you. x2
As you read the scroll of fear, it crumbles to dust.
You assume a fearsome visage.
The yak looks frightened! x2
The yak is attracted toward you. x3
Okay, then.
As you read the scroll labelled DUYNYHA FYNKO, it crumbles to dust.
It is a scroll of enchant armour.
Your +1 pair of gloves glows green for a moment.
Cornered, the yak turns to fight!
The yak is attracted toward you. x3
This is a scroll of acquirement!
Something appears at your feet!
The yak seems to regain its courage.
The yak gores you but does no damage. The yak is attracted toward you.
b - the +1 pair of gloves of Grace {rN+ Regen+ rCorr} The yak gores you but does no damage.
The yak is attracted toward you.
You barely miss the yak.
The yak is heavily wounded.
The yak gores you.
* * * LOW HITPOINT WARNING * * *
The yak is attracted toward you.
Okay, then.
As you read the scroll of fear, it crumbles to dust.
You assume a fearsome visage.
The yak looks frightened! x2
The yak seems to regain its courage.
Cornered, the yak turns to fight!
The yak is attracted toward you. x3
The yak attacks as you move away! The yak gores you!
You die...

####### #.....#
#.....# #.....# ##
#.....#
#...########.....#
#...@YYYY....#
########ยง##).#
#....# .....
##.#####.......
#..# #Y...... ..
#. #.## #(Y.....
#..#. #..#
Y.#..... ..#.#
#.## #Y#.....
...###.. #Y#


You could see 3 yaks.

Vanquished Creatures
  A yak (D:5)
  A steam dragon (D:5)
  Duvessa (D:5)
  A black bear (D:4)
  An ice beast (D:5)
  An ogre (D:4)
  5 scorpions
  Dowan (D:5)
  An orc priest (D:4)
  Crazy Yiuf (D:3)
  Ijyb (D:5)
  An orc wizard (D:4)
  An iguana (D:4)
  Terence (D:3)
  A mummy (D:3)
  Robin (D:3)
  3 adders
  7 gnolls
  3 ufetubi
  2 worms
  2 dart slugs
  11 orcs
  5 ball pythons
  3 endoplasms
  3 giant cockroaches (D:2)
  7 hobgoblins
  2 jackals
  2 quokkas
  3 bats
  A frilled lizard (D:2)
  16 goblins
  3 kobolds
  5 rats
98 creatures vanquished.

Notes
Turn   | Place    | Note
-------+----------+-------------------------------------------
     0 | D:1      | freelancePsychic the Human Wanderer began the quest for the
                  | Orb.
     0 | D:1      | freelancePsychic set off with the following items: a +1
                  | spear, a potion of heal wounds {@q2}, 2 scrolls of fear, a
                  | +0 leather armour.
     0 | D:1      | Reached XP level 1. HP: 18/18 MP: 1/1
   268 | D:1      | Reached XP level 2. HP: 24/24 MP: 2/2
   925 | D:2      | Reached XP level 3. HP: 24/29 MP: 3/3
  1270 | D:2      | Reached skill level 4 in Polearms
  1275 | D:2      | Reached XP level 4. HP: 13/35 MP: 4/4
  1940 | D:3      | Noticed Terence
  1950 | D:3      | Killed Terence
  1951 | D:3      | Reached skill level 5 in Polearms
  1951 | D:3      | Reached XP level 5. HP: 31/41 MP: 5/5
  2436 | D:3      | Noticed Sigmund
  2625 | D:3      | Found a runed translucent door.
  2626 | D:3      | Noticed Crazy Yiuf
  2702 | D:3      | Noticed Robin
  2783 | D:3      | Killed Robin
  3268 | D:3      | Found a snail-covered altar of Cheibriados.
  3339 | D:3      | Killed Crazy Yiuf
  3395 | D:3      | Became a worshipper of Cheibriados the Contemplative
  3430 | D:4      | Reached XP level 6. HP: 47/47 MP: 6/6
  3474 | D:4      | Noticed a black bear
  3487 | D:4      | Killed a black bear
  3488 | D:4      | Reached skill level 6 in Polearms
  3488 | D:4      | Reached skill level 1 in Invocations
  3604 | D:4      | Found a staircase to the Ecumenical Temple.
  3613 | D:4      | Identified the +2 hand axe of Action {flame, +Blink}
  3632 | D:4      | Reached XP level 7. HP: 46/53 MP: 8/8
  3668 | D:4      | Found a blossoming altar of Fedhas.
  3681 | D:4      | Found a broken altar of Ashenzari.
  4020 | D:4      | Reached skill level 7 in Polearms
  4226 | D:4      | Identified the +1 leather armour "Baomm" {rCorr}
  4236 | D:4      | Found Bedug's Antique Armour Emporium.
  4549 | D:5      | Entered Level 5 of the Dungeon
  4556 | D:5      | Reached * piety under Cheibriados
  4557 | D:5      | Reached XP level 8. HP: 55/61 MP: 10/10
  4600 | D:5      | Noticed Ijyb
  4608 | D:5      | Killed Ijyb
  4849 | D:5      | Reached skill level 5 in Fighting
  4855 | D:5      | Reached skill level 8 in Polearms
  5060 | D:5      | Noticed Dowan
  5060 | D:5      | Noticed Duvessa
  5080 | D:5      | Killed Duvessa
  5096 | D:5      | Killed Dowan
  5266 | D:5      | Noticed a yak
  5266 | D:5      | Noticed a yak
  5267 | D:5      | Noticed a yak
  5270 | D:5      | Noticed a yak
  5274 | D:5      | Noticed a yak
  5321 | D:5      | Killed a yak
  5345 | D:5      | Identified a scroll of acquirement
  5345 | D:5      | Acquired the +1 pair of gloves of Grace {rN+ Regen+ rCorr}
  5350 | D:5      | Slain by a yak

Illustrated notes

Levels and vault maps discovered:
D:1:      onia_arrival_pentagram, layout_loops_ring
D:2:      layout_loops_cross, serial_aquarium, aquarium_bridge_square
          [aquarium_subvault_bridge, aquarium_subvault_bridge,
          aquarium_subvault_balcony, aquarium_subvault_window],
          aquarium_window_2, aquarium_window_corridor_1, aquarium_window_fake,
          aquarium_window_2, aquarium_view_2a, aquarium_pool_1
D:3:      layout_basic, slow_altar_2, uniq_robin, uniq_sigmund, uniq_terence,
          uniq_crazy_yiuf_cottage
D:4:      layout_gridville, mainiacjoe_overflow_tiny_flanked, ashenzari_altar_1,
          minmay_temple_entry_crystal_x, serial_shops, nicolae_take_the_stairs,
          corexii_shack
D:5:      layout_rooms, uniq_ijyb, uniq_duvessa

Skill      XL: |  1  2  3  4  5  6  7  8 |
---------------+-------------------------+-----
Polearms       | 4 5 6 7 8 |  8.6
Invocations    | 1 3 4 |  4.5
Fighting       | 4 5 |  5.5
Throwing       | |  1.0
Armour         | |  0.7
Unarmed Combat | |  3.0

Action                   |  1- 3 |  4- 6 |  7- 9 || total
-------------------------+-------+-------+-------++-------
Melee: Spear             |    25 |       |       ||    25
       Trident           |    39 |   141 |   151 ||   331
       Punch             |       |     1 |     3 ||     4
Throw: Boomerang         |     2 |     5 |     5 ||    12
Invok: Bend Time         |       |       |     1 ||     1
Evoke: Wand              |       |       |     4 ||     4
  Use: Scroll            |       |     3 |     7 ||    10
       Potion            |       |       |     9 ||     9
 Stab: Distracted        |       |       |     1 ||     1
Armor: Leather armour    |     1 |       |       ||     1
       Scale mail        |    26 |    87 |    39 ||   152
       Chain mail        |       |       |    18 ||    18
Dodge: Dodged            |    30 |    64 |    48 ||   142

Table legend: (Time is in decaauts)
 A = Elapsed time spent in this place.
 B = Non-inter-level travel time spent in this place.
 C = Inter-level travel time spent in this place.
 D = Time resting spent in this place.
 E = Time spent auto-exploring this place.
 F = Levels seen in this place.
 G = Mean time per level.
                   A        B        C        D        E       F      G
               +--------+--------+--------+--------+--------+-----+--------+
         Total |   5626 |   5337 |    289 |    307 |   3989 |   5 | 1125.2 |
       Dungeon |   5626 |   5337 |    289 |    307 |   3989 |   5 | 1125.2 |
               +--------+--------+--------+--------+--------+-----+--------+

Top non-repeatable levels by time:
     D:3: 1376 daAuts
     D:4: 1336 daAuts
     D:1: 1090 daAuts
     D:2: 973 daAuts
     D:5: 849 daAuts
